ESL (28 & UNDER)
WILMINGTON REBELS @ INTERCOURSE AMISH
10/01/2030
 
TOP OF THE 1ST
Wilmington Rebels batting - Pitching for Intercourse Amish : LHP Miguel Meneces
Pitching: LHP Miguel Meneces
Batting: RHB Guillermo González 0-0: Ball
1-0: Called Strike
1-1: Ball
2-1: Ball
3-1: Ground out 3-1 (Groundball, 3S)
Batting: RHB Pedro Zavala 0-0: Called Strike
0-1: Ball
1-1: Foul Ball, location: 2F
1-2: Ball
2-2: Foul Ball, location: 2F
2-2: Strikes out swinging
Batting: LHB Larry Smith 0-0: Foul Ball, location: 2F
0-1: Called Strike
0-2: Ball
1-2: Ball
2-2: Ball
3-2: Hit by Pitch
Pinch Runner at 1st Marv Alexander:
Batting: LHB António Gutiérrez 0-0: Ball
1-0: Called Strike
1-1: Ball
2-1: Foul Ball, location: 2F
2-2: Foul Ball, location: 2F
2-2: Ball
3-2: SINGLE (Flyball, 8RM)
Marv Alexander to second
Marv Alexander to third
Batting: RHB Pedro Cuevas 0-0: Ball
1-0: Foul Ball, location: 2F
1-1: Swinging Strike
1-2: Ball
2-2: Foul Ball, location: 2F
2-2: Strikes out looking
Top of the 1st over - 0 runs, 1 hit, 0 errors, 2 left on base; Wilmington 0 - Intercourse 0
BOTTOM OF THE 1ST
Intercourse Amish batting - Pitching for Wilmington Rebels : LHP Tomás Prieto
Pitching: LHP Tomás Prieto
Batting: LHB Jesús Raugel 0-0: Called Strike
0-1: SINGLE (Line Drive, 8RS)
Batting: RHB Holden Davis 0-0: Called Strike
0-1: Called Strike
0-2: Foul Ball, location: 2F
0-2: Foul Ball, location: 2F
0-2: Ball
1-2: Strikes out swinging
Batting: RHB Júlio Serra 0-0: Called Strike
Jesús Raugel steals 2nd base
0-1: Swinging Strike
0-2: Ball
1-2: Ball
2-2: Foul Ball, location: 2F
2-2: Ground out 6-3 (Groundball, 6)
Jesús Raugel to third
Batting: RHB Joel Hebert 0-0: Called Strike
0-1: Foul Ball, location: 2F
0-2: Foul Ball, location: 2F
0-2: Strikes out swinging
Bottom of the 1st over - 0 runs, 1 hit, 0 errors, 1 left on base; Wilmington 0 - Intercourse 0
TOP OF THE 2ND
Wilmington Rebels batting - Pitching for Intercourse Amish : LHP Miguel Meneces
Batting: LHB Guillermo Santos 0-0: Swinging Strike
0-1: Fly out, F8 (Flyball, 8RD)
Batting: RHB Rick Holman 0-0: Ball
1-0: Foul Ball, location: 2F
1-1: Ball
2-1: Fly out, F9 (Flyball, 9LD)
Batting: LHB Seth Sullivan 0-0: Ball
1-0: Foul Ball, location: 2F
1-1: Ball
2-1: Swinging Strike
2-2: Strikes out swinging
Top of the 2nd over - 0 runs, 0 hits, 0 errors, 0 left on base; Wilmington 0 - Intercourse 0
BOTTOM OF THE 2ND
Intercourse Amish batting - Pitching for Wilmington Rebels : LHP Tomás Prieto
Batting: RHB Frank Maxwell 0-0: Swinging Strike
0-1: Ball
1-1: SINGLE (Line Drive, 6MD)
Batting: SHB Conan Hanson 0-0: Ball
1-0: Foul Ball, location: 2F
1-1: Foul Ball, location: 2F
1-2: Strikes out looking
Batting: LHB Carlos De La Rosa 0-0: Swinging Strike
0-1: Ball
1-1: Foul Ball, location: 2F
1-2: Ball
2-2: Foul Ball, location: 2F
2-2: Ball
3-2: Base on Balls
Frank Maxwell to second
Batting: SHB Frank Grant 0-0: Ball
1-0: Ball
2-0: Fielders Choice at 2nd, 1-6 (Groundball, 13S)
Frank Maxwell to third
Batting: RHB Curt Wagner 0-0: Ball
Frank Grant steals 2nd base
1-0: Called Strike
1-1: Swinging Strike
1-2: Strikes out swinging
Bottom of the 2nd over - 0 runs, 1 hit, 0 errors, 2 left on base; Wilmington 0 - Intercourse 0
TOP OF THE 3RD
Wilmington Rebels batting - Pitching for Intercourse Amish : LHP Miguel Meneces
Batting: RHB José Fajardo 0-0: Called Strike
0-1: Ball
1-1: Swinging Strike
1-2: Foul Ball, location: 2F
1-2: Ball
2-2: Strikes out swinging passed ball, reaches first!
Batting: RHB Guillermo González 0-0: Ball
1-0: Swinging Strike
1-1: Fly out, F7 (Flyball, 7LS)
Batting: RHB Pedro Zavala 0-0: Ball
1-0: Called Strike
1-1: Foul Ball, location: 2F
1-2: Strikes out swinging
Batting: LHB Marv Alexander 0-0: Ball
1-0: Ball
2-0: Ball
3-0: Called Strike
3-1: Foul Ball, location: 2F
3-2: Foul Ball, location: 2F
3-2: Strikes out swinging
Top of the 3rd over - 0 runs, 0 hits, 0 errors, 1 left on base; Wilmington 0 - Intercourse 0
BOTTOM OF THE 3RD
Intercourse Amish batting - Pitching for Wilmington Rebels : LHP Tomás Prieto
Batting: LHB Jesús Raugel 0-0: Ball
1-0: SINGLE (Line Drive, 89S)
Batting: RHB Holden Davis 0-0: Foul Ball, location: 2F
0-1: Ground out 6-3 (Groundball, 6S)
Jesús Raugel to second
Batting: RHB Júlio Serra 0-0: Ball
Jesús Raugel steals 3rd base
1-0: Ball
2-0: Ball
3-0: Base on Balls
Batting: RHB Joel Hebert 0-0: Foul Ball, location: 2F
0-1: Ball
1-1: Ball
2-1: Ball
3-1: Swinging Strike
3-2: Foul Ball, location: 2F
3-2: Strikes out swinging
Júlio Serra is caught stealing 2nd base
Batter strikes out.
Bottom of the 3rd over - 0 runs, 1 hit, 0 errors, 1 left on base; Wilmington 0 - Intercourse 0
TOP OF THE 4TH
Wilmington Rebels batting - Pitching for Intercourse Amish : LHP Miguel Meneces
Batting: LHB António Gutiérrez 0-0: Swinging Strike
0-1: Called Strike
0-2: Foul Ball, location: 2F
0-2: Ball
1-2: Ball
2-2: Ball
3-2: Base on Balls
Batting: RHB Pedro Cuevas 0-0: Ball
1-0: Foul Ball, location: 2F
1-1: DOUBLE (Flyball, 9LM)
António Gutiérrez to third
Batting: LHB Guillermo Santos 0-0: Ball
1-0: Ball
2-0: Ball
3-0: Called Strike
3-1: Fly out, F3 (Line Drive, 3S)
Batting: RHB Rick Holman 0-0: Called Strike
0-1: Called Strike
0-2: Ball
1-2: Strikes out swinging
Batting: LHB Seth Sullivan 0-0: Ball
1-0: Ball
2-0: Called Strike
2-1: Ball
3-1: Base on Balls
Batting: RHB José Fajardo 0-0: Swinging Strike
0-1: Ball
1-1: Fielders Choice at 2nd, 6-4 (Groundball, 56)
Top of the 4th over - 0 runs, 1 hit, 0 errors, 3 left on base; Wilmington 0 - Intercourse 0
BOTTOM OF THE 4TH
Intercourse Amish batting - Pitching for Wilmington Rebels : LHP Tomás Prieto
Batting: RHB Frank Maxwell 0-0: Called Strike
0-1: Swinging Strike
0-2: Ball
1-2: Foul Ball, location: 2F
1-2: SINGLE (Line Drive, 56D)
Batting: SHB Conan Hanson 0-0: Called Strike
0-1: Swinging Strike
0-2: Foul Ball, location: 2F
0-2: Ball
1-2: Strikes out swinging
Batting: LHB Carlos De La Rosa 0-0: Called Strike
0-1: Ball
1-1: Swinging Strike
1-2: Strikes out looking
Batting: SHB Frank Grant 0-0: Ball
1-0: Ball
2-0: Ball
3-0: Called Strike
3-1: Base on Balls
Frank Maxwell to second
Batting: RHB Curt Wagner 0-0: Ball
1-0: Called Strike
1-1: Ball
2-1: Foul Ball, location: 2F
2-2: Strikes out swinging
Bottom of the 4th over - 0 runs, 1 hit, 0 errors, 2 left on base; Wilmington 0 - Intercourse 0
TOP OF THE 5TH
Wilmington Rebels batting - Pitching for Intercourse Amish : LHP Miguel Meneces
Batting: RHB Guillermo González 0-0: Called Strike
0-1: Foul Ball, location: 2F
0-2: Hit by Pitch
Pinch Runner at 1st Andrew Deal:
Batting: RHB Pedro Zavala 0-0: Ball
1-0: Swinging Strike
1-1: Ball
2-1: Swinging Strike
2-2: Strikes out swinging
Batting: LHB Marv Alexander 0-0: Fly out, F7 (Flyball, 7S)
Batting: LHB António Gutiérrez 0-0: Reached on error, E3 (Groundball, 3)
Andrew Deal to second
Batting: RHB Pedro Cuevas 0-0: Ball
1-0: Ball
2-0: Ball
3-0: Called Strike
3-1: 3-RUN HOME RUN (Flyball, 9LD), Distance : 367 ft
Batting: LHB Guillermo Santos 0-0: Ball
1-0: Ball
2-0: Ball
3-0: Called Strike
3-1: Foul Ball, location: 2F
3-2: Fly out, F6 (Line Drive, 6)
Top of the 5th over - 3 runs, 1 hit, 1 error, 0 left on base; Wilmington 3 - Intercourse 0
BOTTOM OF THE 5TH
Intercourse Amish batting - Pitching for Wilmington Rebels : LHP Tomás Prieto
Now in CF: Andrew Deal
Batting: LHB Jesús Raugel 0-0: Ball
1-0: Ball
2-0: Called Strike
2-1: Foul Ball, location: 2F
2-2: Foul Ball, location: 2F
2-2: Ball
3-2: Strikes out looking
Batting: RHB Holden Davis 0-0: Called Strike
0-1: Ball
1-1: Ball
2-1: Swinging Strike
2-2: DOUBLE (Flyball, 8LD)
Batting: RHB Júlio Serra 0-0: Ground out 6-3 (Groundball, 56)
Batting: RHB Joel Hebert 0-0: Ball
1-0: Ball
2-0: Ball
3-0: Called Strike
3-1: Foul Ball, location: 2F
3-2: Foul Ball, location: 2F
3-2: Foul Ball, location: 2F
3-2: Strikes out swinging
Bottom of the 5th over - 0 runs, 1 hit, 0 errors, 1 left on base; Wilmington 3 - Intercourse 0
TOP OF THE 6TH
Wilmington Rebels batting - Pitching for Intercourse Amish : LHP Miguel Meneces
Pitching: RHP Colin Younger
Batting: RHB Rick Holman 0-0: Ball
1-0: Ball
2-0: Called Strike
2-1: Called Strike
2-2: Ball
3-2: Foul Ball, location: 2F
3-2: Base on Balls
Batting: LHB Seth Sullivan 0-0: Ball
1-0: Ball
2-0: Ball
3-0: Called Strike
3-1: Fly out, F7 (Flyball, 78XD)
Batting: RHB José Fajardo 0-0: Ball
1-0: Called Strike
1-1: Ball
2-1: Fielders Choice at 2nd, 1-6 (Groundball, 13S)
Batting: RHB Andrew Deal 0-0: Ball
1-0: Swinging Strike
1-1: Swinging Strike
1-2: Fly out, F9 (Flyball, 9LD)
Top of the 6th over - 0 runs, 0 hits, 0 errors, 1 left on base; Wilmington 3 - Intercourse 0
BOTTOM OF THE 6TH
Intercourse Amish batting - Pitching for Wilmington Rebels : LHP Tomás Prieto
Batting: RHB Frank Maxwell 0-0: Ball
1-0: Ball
2-0: Foul Ball, location: 2F
2-1: Called Strike
2-2: Foul Ball, location: 2F
2-2: Fly out, F7 (Flyball, 7)
Batting: SHB Conan Hanson 0-0: Ground out 5-3 (Groundball, 56)
Batting: LHB Carlos De La Rosa 0-0: Called Strike
0-1: Called Strike
0-2: Foul Ball, location: 2F
0-2: Strikes out swinging
Bottom of the 6th over - 0 runs, 0 hits, 0 errors, 0 left on base; Wilmington 3 - Intercourse 0
TOP OF THE 7TH
Wilmington Rebels batting - Pitching for Intercourse Amish : RHP Colin Younger
Batting: RHB Pedro Zavala 0-0: DOUBLE (Flyball, 78D)
Batting: LHB Marv Alexander 0-0: Intentional Walk
Pitching: LHP Kelly Shaw
Batting: LHB António Gutiérrez 0-0: Called Strike
0-1: Ball
1-1: Foul Ball, location: 2F
1-2: Foul Ball, location: 2F
1-2: Ball
2-2: Fly out, F9 (Flyball, 9LM)
Pitching: RHP Jonathan Anderson
Batting: RHB Pedro Cuevas 0-0: Called Strike
0-1: Ball
1-1: Called Strike
1-2: Ball
2-2: Strikes out swinging
Batting: LHB Guillermo Santos 0-0: Ball
1-0: Swinging Strike
1-1: Called Strike
1-2: Fly out, F9 (Flyball, 9S)
Top of the 7th over - 0 runs, 1 hit, 0 errors, 2 left on base; Wilmington 3 - Intercourse 0
BOTTOM OF THE 7TH
Intercourse Amish batting - Pitching for Wilmington Rebels : LHP Tomás Prieto
Batting: SHB Frank Grant 0-0: Ball
1-0: Foul Ball, location: 2F
1-1: Ball
2-1: Fly out, F8 (Flyball, 8RM)
Batting: RHB Curt Wagner 0-0: Called Strike
0-1: Ball
1-1: Ball
2-1: SINGLE (Line Drive, 89S)
Pitching: LHP Alan Baca
Batting: LHB Jesús Raugel 0-0: Ball
1-0: Swinging Strike
1-1: Ball
2-1: SINGLE (Line Drive, 56D)
Curt Wagner to second
Batting: RHB Holden Davis 0-0: Ball
1-0: Swinging Strike
1-1: 3-RUN HOME RUN (Flyball, 78XD), Distance : 419 ft
Pitching: RHP Wayne Foster
Batting: RHB Júlio Serra 0-0: Ball
1-0: Ball
2-0: Ball
3-0: Called Strike
3-1: Called Strike
3-2: Foul Ball, location: 2F
3-2: Base on Balls
Batting: RHB Joel Hebert 0-0: Ball
1-0: Ball
2-0: Ball
3-0: Base on Balls
Júlio Serra to second
Batting: RHB Frank Maxwell 0-0: Ground out 5-3 (Groundball, 2L)
Júlio Serra to third
Joel Hebert to second
Pinch Hitting: LHB Bruce Foster 0-0: Ball
1-0: Ball
2-0: Foul Ball, location: 2F
2-1: Fly out, F8 (Flyball, 8RM)
Bottom of the 7th over - 3 runs, 3 hits, 0 errors, 2 left on base; Wilmington 3 - Intercourse 3
TOP OF THE 8TH
Wilmington Rebels batting - Pitching for Intercourse Amish : RHP Jonathan Anderson
Now at SS: Bob Carr
Batting: RHB Rick Holman 0-0: Foul Ball, location: 2F
0-1: Foul Ball, location: 2F
0-2: Ball
1-2: Ground out U3 (Groundball, 3L)
Batting: LHB Seth Sullivan 0-0: Ball
1-0: Called Strike
1-1: SINGLE (Groundball, 6D)
Batting: RHB José Fajardo 0-0: Ball
1-0: Called Strike
1-1: Ball
2-1: Foul Ball, location: 2F
2-2: Foul Ball, location: 2F
2-2: Foul Ball, location: 2F
2-2: Foul Ball, location: 2F
2-2: Strikes out looking
Batting: RHB Andrew Deal 0-0: Ball
1-0: Ball
2-0: Ball
3-0: Called Strike
3-1: Foul Ball, location: 2F
3-2: Foul Ball, location: 2F
3-2: Strikes out looking
Top of the 8th over - 0 runs, 1 hit, 0 errors, 1 left on base; Wilmington 3 - Intercourse 3
BOTTOM OF THE 8TH
Intercourse Amish batting - Pitching for Wilmington Rebels : RHP Wayne Foster
Pitching: RHP John Allen
Batting: LHB Carlos De La Rosa 0-0: Foul Ball, location: 2F
0-1: Ground out 1-3 (Groundball, P)
Batting: SHB Frank Grant 0-0: SINGLE (Groundball, 34D)
Pinch Hitting: RHB Brian Stewart 0-0: Ball
1-0: Ball
Frank Grant steals 2nd base
2-0: Ball
3-0: Called Strike
3-1: Foul Ball, location: 2F
3-2: SINGLE (Flyball, 89S)
Frank Grant to third
Batting: LHB Jesús Raugel 0-0: Called Strike
0-1: Ball
1-1: TRIPLE (Flyball, 78XD)
Frank Grant scores
Brian Stewart scores
Batting: RHB Holden Davis 0-0: Called Strike
0-1: Called Strike
0-2: Foul Ball, location: 2F
0-2: Foul Ball, location: 2F
0-2: Ball
1-2: Ball
2-2: Strikes out looking
Batting: RHB Júlio Serra 0-0: Called Strike
0-1: Foul Ball, location: 2F
0-2: Ball
1-2: Strikes out looking
Bottom of the 8th over - 2 runs, 3 hits, 0 errors, 1 left on base; Wilmington 3 - Intercourse 5
TOP OF THE 9TH
Wilmington Rebels batting - Pitching for Intercourse Amish : RHP Jonathan Anderson
Pitching: RHP Will Brown
Now at 2B: Esteban Ayala
Batting: RHB Pedro Zavala 0-0: Called Strike
0-1: Ground out 5-3 (Groundball, 56)
Batting: LHB Marv Alexander 0-0: Ball
1-0: Ground out U3 (Groundball, 3)
Batting: LHB António Gutiérrez 0-0: Ball
1-0: Called Strike
1-1: Ball
2-1: Ball
3-1: Fly out, F3 (Flyball, 3D)
Top of the 9th over - 0 runs, 0 hits, 0 errors, 0 left on base; Wilmington 3 - Intercourse 5
Saturday, April 7th, 2018 - OOTP Baseball 18.8 Build 76